 Dungeon Crawl Stone Soup version 0.23-a0-169-gb21e695 (webtiles) character file.

104 Amnesiac the Chiller (level 4, 0/30 HPs)
             Began as a Mummy Ice Elementalist on Sept 11, 2018.
             Slain by a centaur skeleton (5 damage)
             ... on level 4 of the Dungeon.
             The game lasted 00:02:27 (1171 turns).

Amnesiac the Chiller (Mummy Ice Elementalist)       Turns: 1171, Time: 00:02:28

Health: 0/30       AC:  3    Str: 11    XL:     4   Next: 52%
Magic:  2/9        EV: 12    Int: 15    God:
Gold:   8          SH:  0    Dex: 12    Spells: 0/10 levels left

rFire    x . .     SeeInvis .   a - +1 dagger (venom)
rCold    + . .     Gourm    .   (no shield)
rNeg     + + +     Faith    .   d - +0 robe
rPois    ∞         Spirit   .   e - +0 helmet
rElec    .         Reflect  .   (no cloak)
rCorr    .         Harm     .   (no gloves)
MR       .....                  (no boots)
Stlth    ++........             c - amulet of regeneration
HPRegen  0.50/turn              (no ring)
MPRegen  0.11/turn              (no ring)

@: very slightly contaminated
A: no food or potions, fire vulnerability, cold resistance 1, negative energy
resistance 3, torment resistance, unbreathing
a: no special abilities


You were on level 4 of the Dungeon.
You were not hungry.

You visited 1 branch of the dungeon, and saw 4 of its levels.

You collected 8 gold pieces.

Inventory:

Hand Weapons
 a - a +1 dagger of venom (weapon)
Armour
 d - a +0 robe (worn)
 e - a +0 helmet (worn)
Jewellery
 c - an amulet of regeneration (around neck)


   Skills:
 - Level 1.5 Dodging
 - Level 1.5 Stealth
 + Level 3.6 Spellcasting
 + Level 1.5 Conjurations
 * Level 3.7 Ice Magic


You couldn't memorise any spells.
You knew the following spells:

 Your Spells              Type           Power        Failure   Level  Hunger
a - Freeze                Ice            ##..         4%          1    N/A
b - Throw Frost           Conj/Ice       ##....       10%         2    N/A
d - Throw Icicle          Conj/Ice       ##......     54%         4    N/A
z - Ozocubu's Armour      Chrm/Ice       #.......     26%         3    N/A

Your spell library contained the following spells:

 Spells                   Type           Power        Failure   Level  Hunger
 Summon Ice Beast         Ice/Summ       #.......     65%         4    N/A

Dungeon Overview and Level Annotations

Branches:
Dungeon (4/15)
 Temple: D:4-7

Altars:

Shops:
D:4 (


Innate Abilities, Weirdness & Mutations

You do not eat or drink.
Your flesh is vulnerable to fire.
You are immune to poison.
Your flesh is cold resistant. (rC+)
You are immune to negative energy. (rN+++)
You are immune to unholy pain and torment.
You can survive without breathing.


Message History

You kill the butterfly!
There is an entrance to Juath's Antique Weapon Boutique here.
You can access your shopping list by pressing '$'.
Found a scroll labeled RUDIOS OQUR FEN.
Wield which item (- for none, * to show all)? (? for menu, Esc to quit)
Okay, then.
Casting: Freeze (safe; 4% risk of failure)
Confirm with . or Enter, or press ? or * to list all spells.
You miscast Ozocubu's Armour.
You are very lightly contaminated with residual magic.
You feel uncomfortably cold. The centaur skeleton hits you.
Casting: Ozocubu's Armour (safe; 26% risk of failure)
Confirm with . or Enter, or press ? or * to list all spells.
You miscast Ozocubu's Armour.
Strange energies run through your body.
The centaur skeleton closely misses you.
Casting: Ozocubu's Armour (safe; 26% risk of failure)
Confirm with . or Enter, or press ? or * to list all spells.
You miscast Ozocubu's Armour.
Strange energies run through your body. The centaur skeleton hits you. x2
Wield which item (- for none, * to show all)? (? for menu, Esc to quit)
Okay, then.
Okay, then.
Really read
f - a scroll labeled EGUYNA VURCHECAA {!r}?
As you read the scroll labeled EGUYNA VURCHECAA {!r}, it crumbles to dust.
You assume a fearsome visage.
The centaur skeleton is unaffected.
It was a scroll of fear {!r}.
The centaur skeleton hits you but does no damage.
The centaur skeleton hits you.
Really read
b - a scroll labeled NOLAQ JAAR {!r}?
As you read the scroll labeled NOLAQ JAAR {!r}, it crumbles to dust.
You feel blessed for a moment.
It was a scroll of remove curse {!r}.
The centaur skeleton closely misses you.
The centaur skeleton hits you. The centaur skeleton hits you.
A hound skeleton comes into view.
You aren't carrying any scrolls.
Unknown command.
A gnoll comes into view.
The centaur skeleton hits you but does no damage.
The hound skeleton closely misses you.
You hit the hound skeleton.
The hound skeleton is moderately damaged.
The centaur skeleton hits you!
* * * LOW HITPOINT WARNING * * *
The hound skeleton misses you.
You hit the hound skeleton.
The hound skeleton is heavily damaged.
The centaur skeleton barely misses you.
The hound skeleton completely misses you.
You hit the hound skeleton.
The hound skeleton is severely damaged.
The centaur skeleton hits you.
* * * LOW HITPOINT WARNING * * *
The hound skeleton barely misses you. The centaur skeleton hits you.
* * * LOW HITPOINT WARNING * * *
You barely miss the hound skeleton.
The hound skeleton is severely damaged.
The hound skeleton barely misses you.
The centaur skeleton closely misses you.
The hound skeleton bites you but does no damage.
You barely miss the hound skeleton.
The hound skeleton is severely damaged.
The centaur skeleton hits you.
You die...

##.##.#
#.##.? #.#
#.# #.# #.#
#.#
#.######.#.
#.Z@Z.g....
########.#.


You could see a gnoll, a hound skeleton and a centaur skeleton.

Vanquished Creatures
  A howler monkey (D:2)
  Robin (D:3)
  2 adders (D:2)
  A dart slug (D:1)
  2 leopard geckos (D:2)
  2 orcs (D:3)
  A giant cockroach (D:2)
  11 goblins
  5 hobgoblins
  A quokka (D:2)
  A bat (D:1)
  A rat (D:2)
  A butterfly (D:4)
30 creatures vanquished.

Notes
Turn   | Place    | Note
-------+----------+-------------------------------------------
     0 | D:1      | Amnesiac the Mummy Ice Elementalist began the quest for the
                  | Orb.
     0 | D:1      | Reached XP level 1. HP: 13/13 MP: 4/4
   279 | D:2      | Reached XP level 2. HP: 19/19 MP: 3/5
   289 | D:2      | Noticed a howler monkey
   578 | D:1      | Learned a level 2 spell: Throw Frost
   587 | D:2      | Killed a howler monkey
   587 | D:2      | Reached skill level 1 in Conjurations
   587 | D:2      | Reached XP level 3. HP: 16/24 MP: 0/7
   708 | D:2      | Reached XP level 4. HP: 13/30 MP: 1/9
   944 | D:3      | Noticed Robin
   993 | D:3      | Killed Robin
  1109 | D:3      | Learned a level 3 spell: Ozocubu's Armour
  1114 | D:3      | Learned a level 4 spell: Throw Icicle
  1133 | D:4      | Found Juath's Antique Weapon Boutique.
  1171 | D:4      | Slain by a centaur skeleton

Vault maps used:
D:1:      dpeg_arrival_signposts
D:2:      chequers_temple_overflow_minitemple
D:3:      first_ration, uniq_robin
D:4:      minmay_temple_entry_butterflies, ebering_ghost_reflecting_pool,
          serial_shops, shop, shop, kennysheep_mini, nicolae_shop_statue_plus,
          shop, st_stairs_10

Skill      XL: |  1  2 |
---------------+-------+-----
Ice Magic      | 3 |  3.7
Spellcasting   | 3 |  3.6
Conjurations   | 1 |  1.5
Dodging        | |  1.5
Stealth        | |  1.5

Action                   |  1- 3 |  4- 6 || total
-------------------------+-------+-------++-------
Melee: Unarmed           |    15 |       ||    15
       Dagger            |       |    10 ||    10
 Cast: Freeze            |    30 |    24 ||    54
  Use: Scroll            |       |     2 ||     2
 Stab: Sleeping          |       |     1 ||     1
Armor: Robe              |     2 |     3 ||     5
Dodge: Dodged            |    24 |    21 ||    45

Table legend:
 A = Non-vault XP
 B = Vault XP
 C = Vault XP percentage of total XP
 D = Non-vault monster count
 E = Vault monster count
 F = Vault count percentage of total count
                 A         B        C        D         E       F
            +---------+---------+-------+---------+---------+-------
      Total |     112 |      37 |  24.8 |      17 |      12 |  41.4
            +---------+---------+-------+---------+---------+-------
        D:1 |       9 |       0 |   0.0 |       4 |       0 |   0.0
        D:2 |      97 |       0 |   0.0 |      11 |       0 |   0.0
        D:3 |       6 |      37 |  86.0 |       2 |      12 |  85.7
            +---------+---------+-------+---------+---------+-------
